 Dungeon Crawl Stone Soup version 0.20-a0-11-ga97c7b5 (webtiles) character file.

39 poirepourri the Chiller (level 3, -1/28 HPs)
             Began as a Naga Ice Elementalist on Nov 2, 2016.
             Slain by an adder (2 damage)
             ... on level 2 of the Dungeon.
             The game lasted 00:03:01 (2264 turns).

poirepourri the Chiller (Naga Ice Elementalist)     Turns: 2264, Time: 00:03:02

Health: -1/28      AC:  2    Str: 10    XL:     3   Next: 47%
Magic:  0/6        EV: 10    Int: 16    God:
Gold:   53         SH:  0    Dex: 11    Spells: 3 memorised, 0 levels left

rFire  . . .     SeeInvis +     (no weapon)
rCold  . . .     Gourm    .     a - +0 robe
rNeg   . . .     Faith    .     (no shield)
rPois  +         Spirit   .     (no helmet)
rElec  .         Reflect  .     (no cloak)
rCorr  .         Harm     .     (no gloves)
MR     .....                    (no barding)
Stlth  ++........               (no amulet)
                                (no ring)
                                (no ring)

@: flying, very slow
A: see invisible, deformed body, poison resistance, slowness 2, slow metabolism
1, spit poison 1, AC +1
a: Spit Poison


You were on level 2 of the Dungeon.
You were not hungry.

You visited 1 branch of the dungeon, and saw 2 of its levels.

You collected 53 gold pieces.

Inventory:

Armour
 a - a +0 robe (worn)
Potions
 e - a potion of flight
Books
 b - a book of Frost

   Spells                             Type                      Level
   a - Freeze                         Ice                          1
   b - Throw Frost                    Conjuration/Ice              2
   c - Ozocubu's Armour               Charms/Ice                   3
   d - Throw Icicle                   Conjuration/Ice              4
   e - Summon Ice Beast               Ice/Summoning                4
Comestibles
 c - a bread ration
 f - 2 meat rations


   Skills:
 + Level 0.2 Fighting
 + Level 1.8 Dodging
 - Level 3.1 Stealth
 - Level 0.6 Unarmed Combat
 + Level 2.3 Spellcasting
 + Level 1.0 Conjurations
 + Level 0.2 Charms
 + Level 3.7 Ice Magic


You couldn't memorise any spells.
You knew the following spells:

 Your Spells              Type           Power        Failure   Level  Hunger
a - Freeze                Ice            ##..         6%          1    #......
b - Throw Frost           Conj/Ice       #.....       14%         2    ###....
c - Ozocubu's Armour      Chrm/Ice       #.......     28%         3    ###....


Dungeon Overview and Level Annotations

Branches:
Dungeon (2/15)

Altars:


Innate Abilities, Weirdness & Mutations

You cannot wear boots.
Your serpentine skin is tough. (AC +1)
You have supernaturally acute eyesight. (SInv)
Armour fits poorly on your strangely shaped body.
Your system is resistant to poisons. (rPois)
You cover ground very slowly.
You have a slow metabolism.
You can spit poison.


Message History

It was a potion of flight.
You feel very buoyant.
You fly up into the air.
The adder bites you.
* * * LOW HITPOINT WARNING * * *
The adder barely misses you.
Casting: Freeze
Confirm with . or Enter, or press ? or * to list all spells.
Aiming: Freeze
Press: ? - help, Shift-Dir - straight line, f/p - adder
Aim: an adder (severely wounded)
You freeze the adder.
The adder seems to slow down.
The adder is almost dead.
The adder completely misses you.
Okay, then.
As you read the scroll labeled BYILEN GUNELE, it crumbles to dust.
The creatures around you are filled with an inner flame!
It was a scroll of immolation.
The adder bites you.
You die...

.....# #g#
####.# #.#
#.# ###.#
#...# #g###
#S# #S# #@#
#...#
.....#
........
##..!......
##....####
####.# .#


You could see an adder (inner flame), a goblin (inner flame) and a ball python
(inner flame).

Vanquished Creatures
  2 dart slugs
  3 leopard geckos (D:1)
  2 bats
  A giant cockroach (D:1)
  6 goblins (D:1)
  3 hobgoblins (D:1)
  6 kobolds (D:1)
  A ball python (D:1)
  3 frilled lizards (D:1)
  5 rats (D:1)
32 creatures vanquished.

Notes
Turn   | Place    | Note
-------+----------+-------------------------------------------
     0 | D:1      | poirepourri the Naga Ice Elementalist began the quest for the Orb.
     0 | D:1      | Reached XP level 1. HP: 15/15 MP: 3/3
   324 | D:1      | Reached XP level 2. HP: 11/22 MP: 0/5
   493 | D:1      | Learned a level 2 spell: Throw Frost
  1285 | D:1      | Reached XP level 3. HP: 16/28 MP: 0/6
  1901 | D:1      | Learned a level 3 spell: Ozocubu's Armour
  2260 | D:2      | HP: 1/28 [adder (4)]
  2264 | D:2      | Slain by an adder

Vault maps used:
D:1:      nagdon_arrival_double_spiral
D:2:      chequers_temple_overflow_statue_of_worship, first_bread,
          nicolae_gozag_seed_capital, uniq_iyjb

Action                   || total
-------------------------++-------
Melee: Unarmed           ||    43
 Cast: Freeze            ||    43
       Throw Frost       ||     7
  Use: Potion            ||     2
       Scroll            ||     2
 Stab: Sleeping          ||     1
  Eat: Bread ration      ||     1
Armor: Robe              ||    14
Dodge: Dodged            ||    58
